[Event "44th Chess Olympiad Open 2022"]
[Site "Chennai"]
[Date "2022.08.09"]
[Round "11.5"]
[White "Schitco, Ivan"]
[Black "Adams, Michael"]
[Result "1/2-1/2"]
[ECO "E04"]
[WhiteElo "2490"]
[BlackElo "2696"]
[Annotator "TA"]
[PlyCount "111"]
[EventDate "2022.07.29"]
[EventType "team-tourn"]
[EventCountry "IND"]
[SourceTitle "playchess.com"]
[Source "ChessBase"]
[SourceQuality "1"]
[WhiteTeam "Moldova"]
[BlackTeam "England"]
[WhiteTeamCountry "MDA"]
[BlackTeamCountry "ENG"]
[TimeControl "40/5400+30:1800+30"]

1. d4 Nf6 2. c4 e6 3. g3 d5 4. Bg2 dxc4 5. Nf3 a6 6. O-O Nc6 7. Nbd2 {[%emt 0:10:28] E04: Open Catalan: 5 Nf3.} (7. e3 {looks sharper.} Bd7 8. Qe2 Bd6 9. Qxc4 O-O 10. Rd1) 7... Nxd4 (7... b5 {is interesting.} 8. Ne5 Nxe5 9. Bxa8 Qxd4 10. Ne4 Qa7) 8. Nxc4 Nxf3+ 9. Bxf3 Qxd1 10. Rxd1 Nd5 11. e4 ({Much worse is} 11. Bxd5 exd5 12. Rxd5 Be6 $17) 11... Nb6 12. Nxb6 cxb6 13. e5 {[%emt 0:00:00] [#]} Bd7 $146 ({Predecessor:} 13... Bc5 14. Be3 Bxe3 15. fxe3 Bd7 16. Rd6 Bc6 17. Bxc6+ bxc6 18. Rc1 O-O 19. Rcxc6 b5 20. Rxa6 {½-½ (31) Harika,D (2518)-Dzagnidze,N (2515) Saint Louis 2020}) 14. Be3 Bc5 $1 15. Bxc5 bxc5 16. Rd6 Ke7 17. Rad1 Bb5 18. b3 Rad8 (18... Rhd8 $11) 19. Bxb7 $14 Rxd6 20. Rxd6 {[%emt 0:00:00][%mdl 4096] Endgame KRB-KRB} a5 21. Bc6 $1 {[%emt 0:02:24] White is more active.} Rb8 22. a4 $1 Be2 23. Rd7+ Kf8 24. f4 $1 Rc8 {[%emt 0:06:45] [#]} (24... Rxb3 $2 25. Rd8+ Ke7 26. Re8#) 25. Bb7 Rb8 26. Bc6 (26. Kf2 $16 Bh5 27. Bc6) 26... Rc8 $1 $11 (26... Rxb3 $2 {gets mated.} 27. Rd8+ Ke7 28. Re8#) 27. Bb7 (27. Rd6 $11) 27... Rb8 $16 28. Kf2 Bd1 29. Rxd1 Rxb7 {[%emt 0:00:01] KR-KR} 30. Rd8+ Ke7 31. Rc8 Rxb3 32. Rxc5 Rb2+ 33. Kg1 h6 (33... Rb1+ $142 34. Kg2 Kd7 35. Rxa5 Rb2+ 36. Kg1 Kc6) 34. h4 (34. Rxa5 $16 {And now Ra7+ would win.} Rb1+ 35. Kg2) 34... Rb1+ 35. Kg2 Rb2+ 36. Kf3 Rb3+ 37. Kg2 Rb2+ 38. Kf3 Rb3+ 39. Kg4 h5+ 40. Kxh5 (40. Kh3 $1 $14) 40... Rxg3 $11 41. Rxa5 {[%emt 0:30:25] aiming for Ra7+.} f5 $1 42. exf6+ Kxf6 {[%emt 0:00:00] [#]} 43. Rg5 ({Better is} 43. Ra8 $1 $16) 43... Ra3 44. a5 Kf7 45. Kg4 g6 46. h5 ({White should try} 46. Re5 $14) 46... gxh5+ {[%emt 0:00:00] The position is equal.} 47. Rxh5 Kf6 48. Rh6+ $1 Kg7 49. Rh5 Kf6 50. Rb5 Kg6 51. Rb6 Rxa5 52. Rxe6+ Kf7 53. Rb6 Rc5 54. Rb7+ Kf6 55. Rb6+ Kf7 56. Rb7+ {[%emt 0:00:00] Weighted Error Value: White=0.16 (very precise) /Black=0.06 (flawless)} 1/2-1/2

[Event "44th Chess Olympiad Open 2022"]
[Site "Chennai"]
[Date "2022.08.09"]
[Round "11.5"]
[White "Baltag, Iulian"]
[Black "Jones, Gawain C B"]
[Result "1/2-1/2"]
[ECO "C68"]
[WhiteElo "2405"]
[BlackElo "2652"]
[Annotator "TA"]
[PlyCount "69"]
[EventDate "2022.07.29"]
[EventType "team-tourn"]
[EventCountry "IND"]
[SourceTitle "playchess.com"]
[Source "ChessBase"]
[SourceQuality "1"]
[WhiteTeam "Moldova"]
[BlackTeam "England"]
[WhiteTeamCountry "MDA"]
[BlackTeamCountry "ENG"]
[TimeControl "40/5400+30:1800+30"]

1. e4 e5 2. Nf3 Nc6 3. Bb5 a6 4. Bxc6 dxc6 5. O-O Qf6 6. d4 {[%emt 0:00:41] C68: Ruy Lopez: Exchange Variation, sidelines.} exd4 7. Bg5 Qd6 8. Nxd4 {[%emt 0:00:48] The position is equal.} Be7 $1 {[%emt 0:00:23] The main line 8...Be7 scores better than 8...Bd7.} 9. Bxe7 Nxe7 10. Nc3 O-O 11. Nb3 Qxd1 (11... Qf4 {feels hotter.} 12. Nc5 Bg4 13. Qc1 Qxc1 14. Raxc1 b6) 12. Raxd1 {[%emt 0:00:16] [#]} a5 $146 ({Predecessor:} 12... b6 13. Rd2 c5 14. Rfd1 Be6 15. f4 f5 16. e5 Kf7 17. Kf2 Rg8 18. h4 h6 {0-1 (54) Ibarra Jerez,J (2475)-Sokolov,I (2666) Villarrobledo 2007}) 13. a4 f6 14. Rd2 g5 15. Rfd1 Ng6 16. Nd4 h5 17. b3 Kf7 18. f3 g4 (18... h4 $11 {is superior.}) 19. Kf2 gxf3 20. gxf3 Bh3 21. Nf5 Ne5 {[%emt 0:03:24] Against Rd7+} 22. Nh4 {[%emt 0:05:50] Pair of Knights!} Be6 (22... Rg8 $16) 23. Ne2 (23. f4 $18) 23... Rae8 (23... Rg8 $16 {is a better defense.}) 24. Nd4 $1 $18 Bc8 {[%emt 0:00:25] [#]} 25. Ndf5 $1 {[%emt 0:00:00] Rg1 is the strong threat.} Rh8 26. Rg1 {[%emt 0:00:59] aiming for Rg7+.} Rh7 {[%emt 0:01:38] [#] Prevents Rg7+.} 27. Ke3 $1 Be6 28. Rdg2 Reh8 (28... Kf8 $16 29. Rg7 Rxg7 30. Rxg7 (30. Nxg7 Ng4+ 31. fxg4 Kxg7 $16) 30... Bf7) 29. Rg7+ Kf8 30. Ng6+ Nxg6 31. R7xg6 Kf7 32. Rg7+ Kf8 {[%emt 0:00:10] And now ...Bxf5 would win.} 33. R7g6 {[%emt 0:02:26] White is much more active. The black rooks are badly placed.} Kf7 34. Rg7+ Kf8 $1 {[%emt 0:00:06] White must now prevent ...Bxf5.} 35. R7g6 {[%emt 0:00:07] Weighted Error Value: White=0.15 (very precise) /Black=0.09 (flawless)} ({White should try} 35. R7g2 $16) 1/2-1/2

[Event "44th Chess Olympiad Open 2022"]
[Site "Chennai"]
[Date "2022.08.09"]
[Round "11.6"]
[White "Mamedyarov, Shakhriyar"]
[Black "Indjic, Aleksandar"]
[Result "1-0"]
[ECO "A34"]
[WhiteElo "2759"]
[BlackElo "2620"]
[Annotator "TA"]
[PlyCount "63"]
[EventDate "2022.07.29"]
[EventType "team-tourn"]
[EventCountry "IND"]
[SourceTitle "playchess.com"]
[Source "ChessBase"]
[SourceQuality "1"]
[WhiteTeam "Azerbaijan"]
[BlackTeam "Serbia"]
[WhiteTeamCountry "AZE"]
[BlackTeamCountry "SRB"]
[TimeControl "40/5400+30:1800+30"]

1. c4 c5 2. Nf3 Nf6 3. Nc3 Nc6 4. e3 a6 5. b3 e6 6. Bb2 $1 {[%emt 0:00:13] A34: Symmetrical English: 2 Nc3, lines with ...d5.} d5 7. cxd5 exd5 8. Rc1 $5 {[%emt 0:01:18][%mdl 4] [#] The position is equal. Leaves trodden paths.} d4 $146 (8... b5 $11) ({Predecessor:} 8... Bg4 9. Na4 Nd7 10. Be2 b5 11. Nc3 Nb6 12. a4 b4 13. Nb1 Be6 14. O-O Na5 {½-½ (74) Anton Guijarro,D (2694)-Abdusattorov,N (2635) Wijk aan Zee 2020}) 9. Na4 $14 Ne4 $2 (9... Bg4 $11 {and Black stays safe.}) 10. Bd3 f5 11. O-O {[%emt 0:12:15][%cal Bh1f1,Bf1e1,Be1e6][%mdl 32] Hoping for exd4.} Bd6 (11... Be7 $142) 12. exd4 $18 cxd4 {[%emt 0:05:18] [#]} 13. Rxc6 $1 bxc6 {[%emt 0:00:18] [#]} 14. Bc4 c5 15. d3 Nf6 (15... Nc3 {was worth a try.} 16. Nxc3 dxc3) 16. Re1+ Kf8 17. b4 cxb4 18. Bxd4 Rb8 {[%emt 0:00:22] Inhibits Nb6.} 19. Nc5 {[%emt 0:11:11] Inhibits Rb7. aiming for Ng5.} Qc7 20. Ne6+ Bxe6 21. Rxe6 Re8 22. Ng5 h6 23. Rxe8+ Kxe8 {[%emt 0:00:06] [#]} 24. Ne6 $1 Qb7 25. Qa4+ Ke7 26. Nxg7 Qc8 27. Qa5 Re8 28. Kf1 Ne4 29. Nxf5+ Kd7 30. Qa4+ Kd8 31. Bb6+ {[%emt 0:00:14] This bishop pair is nice.} Bc7 {[%emt 0:00:09] ( -> ...Nd2+)} 32. dxe4 {[%emt 0:00:06] Black got outplayed after the opening.  Weighted Error Value: White=0.16 (very precise) /Black=0.47} 1-0

[Event "44th Chess Olympiad Open 2022"]
[Site "Chennai"]
[Date "2022.08.09"]
[Round "11.6"]
[White "Guseinov, Gadir"]
[Black "Markus, Robert"]
[Result "1/2-1/2"]
[ECO "C43"]
[WhiteElo "2668"]
[BlackElo "2616"]
[Annotator "TA"]
[PlyCount "62"]
[EventDate "2022.07.29"]
[EventType "team-tourn"]
[EventCountry "IND"]
[SourceTitle "playchess.com"]
[Source "ChessBase"]
[SourceQuality "1"]
[WhiteTeam "Azerbaijan"]
[BlackTeam "Serbia"]
[WhiteTeamCountry "AZE"]
[BlackTeamCountry "SRB"]
[TimeControl "40/5400+30:1800+30"]

1. e4 e5 2. Nf3 Nf6 3. d4 Nxe4 4. dxe5 d5 5. Nbd2 Nxd2 6. Bxd2 {[%emt 0:00:08] C43: Petroff Defence: 3 d4.} Be7 7. Bd3 c5 8. c3 Nc6 9. O-O O-O 10. Re1 Be6 11. Qc2 h6 {[%emt 0:12:47] [#]} 12. Rad1 $146 ({Predecessor:} 12. Qc1 Qc8 13. h3 Bf5 14. Bf1 Qe6 15. Bf4 Rad8 16. Bg3 d4 17. cxd4 Nxd4 18. Nxd4 Rxd4 {½-½ (24) Karpatchev,A (2433)-Panagiotakos,N (2102) Heraklion 2018}) 12... Qd7 13. Bf4 Rfd8 14. Bg3 f5 15. exf6 $1 Bxf6 16. Nh4 Bxh4 17. Bxh4 Re8 18. h3 Bf7 19. Qd2 d4 20. Bb1 Rxe1+ 21. Rxe1 Re8 22. Rxe8+ Qxe8 23. f4 Qe6 {[%emt 0:08:48] The position is equal.} 24. Bf2 Bg6 25. Bxg6 Qxg6 26. cxd4 Nxd4 27. Bxd4 cxd4 28. Qxd4 $11 {[%emt 0:00:22] KQ-KQ} Qb1+ 29. Kh2 Qxa2 30. Qd8+ Kh7 31. Qd3+ Kg8 {[%emt 0:00:32] Weighted Error Value: White=0.06 (flawless) /Black=0.06 (flawless)} 1/2-1/2

[Event "44th Chess Olympiad Open 2022"]
[Site "Chennai"]
[Date "2022.08.09"]
[Round "11.6"]
[White "Ivic, Velimir"]
[Black "Mamedov, Rauf"]
[Result "1/2-1/2"]
[ECO "B31"]
[WhiteElo "2581"]
[BlackElo "2656"]
[Annotator "TA"]
[PlyCount "117"]
[EventDate "2022.07.29"]
[EventType "team-tourn"]
[EventCountry "IND"]
[SourceTitle "playchess.com"]
[Source "ChessBase"]
[SourceQuality "1"]
[WhiteTeam "Serbia"]
[BlackTeam "Azerbaijan"]
[WhiteTeamCountry "SRB"]
[BlackTeamCountry "AZE"]
[TimeControl "40/5400+30:1800+30"]

1. e4 c5 2. Nf3 Nc6 3. Bb5 g6 4. Bxc6 bxc6 5. O-O Bg7 6. Re1 Qc7 {[%emt 0:04:51] B31: Sicilian: 2...Nc6 3 Bb5 g6.} 7. d3 (7. e5 $14 {is superior.}) 7... d6 8. e5 dxe5 9. Na3 f6 10. Be3 {[%emt 0:01:13] [#]} Nh6 $146 ({Predecessor:} 10... Rb8 11. Nc4 Be6 12. Nfd2 Nh6 13. Bxc5 Nf5 14. Qe2 Bd5 15. c3 O-O 16. b4 Rfd8 {1-0 (26) Borisovs,L (1994)-Roberts,N (1894) FICGS email 2020}) 11. Bxc5 Nf7 12. Nc4 O-O 13. b4 Ba6 14. Nfd2 f5 15. Qc1 {[%emt 0:08:42] White is more active.} e4 16. Rb1 Nd6 17. Qa3 Bxc4 18. Nxc4 Kh8 19. Qb3 Rad8 20. a4 Rfe8 21. Nd2 ({Better is} 21. Na5 $16) 21... Nb7 (21... Nc8 $11) 22. Bxa7 $16 Ra8 23. Be3 {[%emt 0:01:17] Black must now prevent a5.} f4 24. Bc5 (24. Nxe4 $6 fxe3 25. Rxe3 Qe5 $11) 24... Nxc5 25. bxc5 e3 26. fxe3 fxe3 27. Nf3 (27. Rxe3 Bd4 28. Qe6 Bxc5 $17) 27... Qf4 {[%emt 0:00:29] [#]} 28. Qe6 $1 Qxa4 29. Ne5 ({Of course not} 29. c4 Qc2 30. Ng5 (30. Qxe3 Ra2 $11) 30... Bc3 31. Qxe3 (31. Qh3 h5 $11) 31... Bxe1 32. Qe5+ Kg8 33. Qe6+ Kh8 34. Qe5+ Kg8 35. Qe6+ Kh8 36. Qe5+ $11) (29. Rb3 $16) 29... Bf6 $1 $11 30. Rbc1 (30. Nxc6 $2 Ra6 31. Rb6 {[#]} Qxc2 $1 $19) (30. c4 $5 ) 30... Qd4 $132 {[%emt 0:03:29][%csl LRc5,LRe5][%mdl 2048] Black has counterplay} 31. Nf3 Qxc5 32. Qxe3 Qxe3+ 33. Rxe3 Ra2 34. Re4 Rd8 35. Rc4 Rd6 36. Re1 Kg7 37. g4 {[%emt 0:00:23] And now g5 would win.} h6 {[%emt 0:00:31] Against g5} 38. h4 {[%emt 0:00:45] Hoping for g5.} Ra5 {[%emt 0:02:27] Inhibits g5.} 39. Kg2 Kf7 40. Kg3 Ke8 41. Rb1 Rb5 {[%emt 0:03:06] The position is equal.} (41... Kd7 {with more complications.} 42. Rb8 g5 43. hxg5 hxg5 44. Rb7+ Kd8) 42. Rbb4 (42. Rf1 {looks sharper.} Kd7 43. Re1 Rdd5 44. Kf4) 42... Rxb4 43. Rxb4 {[%emt 0:00:38][%mdl 4096] Endgame KRB-KRN} Rd5 44. Rb8+ Kf7 45. Rc8 Rd6 46. g5 hxg5 47. hxg5 Bc3 48. Ra8 Rd5 49. Ra4 Be5+ 50. Kg4 {[%emt 0:04:15] Threatens to win with c4.} Bd6 51. Rc4 c5 52. Re4 Rf5 53. c4 Bc7 54. d4 cxd4 55. Nxd4 Rc5 56. Nb3 Rf5 57. Nd4 Rc5 58. Nb3 Rf5 59. Nd4 {[%emt 0:00:39] Weighted Error Value: White=0.08 (flawless) /Black=0.07 (flawless)} 1/2-1/2

[Event "44th Chess Olympiad Open 2022"]
[Site "Chennai"]
[Date "2022.08.09"]
[Round "11.6"]
[White "Ivanisevic, Ivan"]
[Black "Durarbayli, Vasif"]
[Result "1/2-1/2"]
[ECO "A62"]
[WhiteElo "2561"]
[BlackElo "2638"]
[Annotator "TA"]
[PlyCount "91"]
[EventDate "2022.07.29"]
[EventType "team-tourn"]
[EventCountry "IND"]
[SourceTitle "playchess.com"]
[Source "ChessBase"]
[SourceQuality "1"]
[WhiteTeam "Serbia"]
[BlackTeam "Azerbaijan"]
[WhiteTeamCountry "SRB"]
[BlackTeamCountry "AZE"]
[TimeControl "40/5400+30:1800+30"]

1. d4 Nf6 2. c4 e6 3. g3 c5 4. d5 exd5 5. cxd5 d6 6. Nc3 g6 7. Bg2 Bg7 8. Nf3 O-O 9. O-O Re8 10. Re1 Nbd7 {[%emt 0:02:00] A62: Modern Benoni: Fianchetto Variation without early ...Nbd7.} 11. e4 Ng4 12. Nd2 {[%emt 0:00:59] [#]} (12. Nh4 $5 Nge5 13. Bf1 $11) 12... Nde5 $146 ({Predecessor:} 12... Nge5 13. Bf1 g5 14. a4 Nf6 15. Ra3 Bg4 16. f3 Bd7 17. Nc4 Nxc4 18. Bxc4 h6 {½-½ (38) Kozusek,D (2315)-Camacho Collados,J (2414) Cardiff 2022}) 13. h3 Nf6 14. Bf1 c4 15. a4 h5 (15... Qa5 $11) 16. Ra3 (16. Qe2 $1 $14) 16... a6 17. a5 Qc7 18. Nf3 Nfd7 19. Nxe5 Nxe5 20. Be3 {[%emt 0:02:23] Inhibits b6.} f5 21. Bb6 Qf7 22. f4 Nd3 23. Re3 Nxb2 (23... Bd7 $11) 24. Qe1 (24. Qd2 $14 Nd3 25. Ra4 Bxc3 26. Qxc3 fxe4 27. Rxc4) 24... fxe4 ({Black should try} 24... Nd3 $1 $15 25. Bxd3 cxd3) 25. Nxe4 $11 Bd7 26. Ng5 (26. Qd2 $1 $11) 26... Qxd5 (26... Qf6 $1 $17 27. Qb4 Qf5) 27. Bg2 Qf5 {[%emt 0:00:05] Hoping for ...Nd3.} 28. Be4 {[%emt 0:05:22] [#] Against Nd3} Rxe4 29. Rxe4 {[%emt 0:00:05] aiming for Re7.} Nd3 $36 {[%emt 0:05:20][%mdl 2048] Black is more active.} 30. Qe3 Qb5 31. Re7 {[%emt 0:05:23][%cal Oe7g7] Black must now prevent Rxg7+! Chess con chili.} Re8 32. Rxg7+ $2 Kxg7 $19 33. Qd4+ {[%emt 0:00:04] [#]} Kg8 $1 {[%emt 0:00:33] ( -> ...Qb1+)} (33... Kh6 34. Ra1 Qb2 35. Nf7+ Kh7 36. Ng5+ Kg8 37. Qxc4+ Be6 38. Qa4 $17) 34. Ra1 {[%emt 0:00:06] [#] Inhibits Qb1+.} (34. Qf6 {gets mated.} Qb1+ 35. Kg2 Re2+ 36. Kf3 Qf1+) 34... Qb2 $2 (34... Re2 $1 $19 {and Black stays clearly on top. ...Qc6 is the strong threat.} 35. Ne4 (35. Qf6 $2 Qf5 $19) 35... Bf5 36. Nxd6 (36. Nc3 $2 Qc6 $19) 36... Qc6 37. Qxc4+ Qxc4 38. Nxc4 Bxh3) 35. Qxc4+ $17 {[%emt 0:00:40] [#]} Be6 $1 36. Qd4 Qxd4+ 37. Bxd4 Bd5 38. Rd1 Re1+ ({Better is} 38... Bc4 $17) 39. Rxe1 $11 {[%emt 0:00:05] The position is equal.} Nxe1 {[%emt 0:00:03][%mdl 4096] Endgame KBN-KBN} 40. Kf2 Nd3+ 41. Ke3 Nb4 42. Bc3 Nc6 43. g4 Ne7 44. Bb4 Nc6 45. Bc3 Ne7 46. Bb4 {[%emt 0:00:00] White happily takes the draw.  Weighted Error Value: White=0.29 (precise) /Black=0.23 (precise)} 1/2-1/2

[Event "44th Chess Olympiad Open 2022"]
[Site "Chennai"]
[Date "2022.08.09"]
[Round "11.7"]
[White "Piorun, Kacper"]
[Black "Can, Emre"]
[Result "1-0"]
[ECO "D05"]
[WhiteElo "2636"]
[BlackElo "2606"]
[Annotator "TA"]
[PlyCount "199"]
[EventDate "2022.07.29"]
[EventType "team-tourn"]
[EventCountry "IND"]
[SourceTitle "playchess.com"]
[Source "ChessBase"]
[SourceQuality "1"]
[WhiteTeam "Poland"]
[BlackTeam "Turkey"]
[WhiteTeamCountry "POL"]
[BlackTeamCountry "TUR"]
[TimeControl "40/5400+30:1800+30"]

1. d4 d5 2. Nf3 Nf6 3. e3 e6 4. Bd3 b6 5. b3 Bb7 6. Bb2 Bd6 7. O-O Nbd7 8. Ne5 O-O 9. Qe2 a6 10. c4 Qe7 11. Rd1 Rfd8 12. Nd2 Ne4 13. Nxd7 Rxd7 14. Nf3 Rdd8 15. Rac1 dxc4 16. Bxc4 c5 (16... b5 $5 17. Bd3 c5 $11) 17. Bd3 b5 18. a4 bxa4 19. bxa4 cxd4 20. Nxd4 Nc5 21. Qg4 g6 22. Bc2 Rac8 23. Ba1 Nd7 24. Bb3 Nf6 25. Qg5 Rxc1 26. Rxc1 Nd5 27. Qh6 Qf8 28. Qh3 Qe7 29. Nf3 Nb4 30. Qh6 Qf8 $1 31. Qg5 h6 $2 (31... Bd5 $1 $11 {and Black stays safe.} 32. Bxd5 Nxd5) 32. Qf6 $18 Kh7 33. Ne5 $1 Bxe5 (33... Be7 $142 34. Qxf7+ Qxf7 35. Nxf7 Rc8 36. Rxc8 Bxc8) 34. Bxe5 $18 Rc8 35. Rd1 (35. Rxc8 $18 {and the rest is easy. White wants to mate with Qh8+.} Bxc8 36. Bd6 $1 Qxd6 37. Qxf7+ Kh8 38. Qe8+ (38. Qxg6 Qe5 $11) 38... Kg7 39. Qxc8) 35... Bd5 (35... Nd5 $16 36. Bxd5 Bxd5) 36. h4 $18 ({Not} 36. Bxd5 Nxd5 37. Qf3 Qe7 $14) 36... Nc6 (36... Bxb3 {leads to mate.} 37. Rd7 Rc1+ 38. Kh2) 37. Bxd5 Nxe5 38. Qxe5 exd5 39. h5 ({Don't play} 39. Rxd5 Rd8 40. h5 Rxd5 41. Qxd5 Qg7 42. hxg6+ Qxg6 $16) 39... g5 (39... Qg7 $16 {was worth a try.} 40. Qxd5 Qf6 41. hxg6+ Qxg6) 40. Rxd5 Rd8 41. Qe4+ Kg8 42. Re5 Qd6 43. g4 Kg7 44. Kg2 Rb8 (44... Kg8 $142 45. Re7 Kg7 46. Qe5+ Qxe5 47. Rxe5 Rc8) 45. Rd5 $18 Qf6 (45... Rb4 $142) 46. Qc4 Rb6 47. a5 Rc6 48. Qe4 Re6 49. Qd3 Rc6 50. Rd8 $2 (50. Rf5 $18 Qc3 51. Qd5) 50... Rc2 $1 $14 51. Qxc2 Qxd8 52. Qc5 Qa8+ 53. f3 Kg8 54. Kf2 (54. Qd6 $16) 54... Qb8 $11 55. Ke2 Qb2+ 56. Kd3 Qb3+ 57. Ke4 Qe6+ 58. Qe5 Qc4+ 59. Qd4 Qe6+ 60. Kd3 Qb3+ 61. Qc3 Qd5+ 62. Ke2 Qa2+ 63. Qd2 Qc4+ 64. Kf2 Qc7 65. Kg2 Qc6 66. Qd8+ Kg7 67. Qd3 Qc1 68. Qd4+ Kg8 69. Qd8+ Kg7 70. Kf2 Qc2+ 71. Ke1 Qc1+ 72. Ke2 Qc2+ 73. Qd2 Qc4+ 74. Ke1 Qc6 75. Kf2 Qc7 $1 76. f4 gxf4 77. exf4 Qc5+ 78. Kf3 Qc6+ 79. Kg3 Qe4 80. Qb2+ Kh7 81. Qc3 Qb1 82. Qc4 Qb7 (82... Qg1+ $11 83. Kf3 Qh1+ 84. Kf2 Qh4+ 85. Kf1 Qh1+ 86. Kf2 Qh4+ 87. Kf3 Qh1+ 88. Kf2) 83. g5 (83. Qd3+ $14 Kg8 84. g5) 83... hxg5 $1 $11 84. fxg5 Qe7 $1 85. Kf4 Qd6+ 86. Kf5 Qd7+ 87. Ke5 Qe7+ 88. Kd4 Qd6+ $2 {[%emt 0:00:23][%mdl 8192] [#]} (88... Kg8 $11) 89. Qd5 $1 $18 Qb4+ 90. Ke5 Qb8+ 91. Ke4 (91. Qd6 $142 Qb2+ 92. Kf5 Qf2+ 93. Qf4) 91... Qe8+ (91... Kg8 $142 92. g6 Qb1+ 93. Ke5 Qb8+ 94. Kf5 Qc8+ 95. Kf4 Qc1+ 96. Ke5 Qc7+ 97. Ke4 Qc2+ 98. Kf3 Kg7 99. Qxf7+ Kh6 100. Qf8+ Kxh5) 92. Kf3 Kh8 93. Qd4+ Kg8 {[%emt 0:00:02] [#]} 94. h6 $1 Qc6+ 95. Kg3 Qg6 96. Kh4 Kh7 97. Qe5 Kg8 98. Kg4 Kf8 99. Qh8+ Ke7 100. Qf6+ 1-0

[Event "44th Chess Olympiad Open 2022"]
[Site "Chennai"]
[Date "2022.08.09"]
[Round "11.7"]
[White "Yilmaz, Mustafa"]
[Black "Wojtaszek, Radoslaw"]
[Result "1/2-1/2"]
[ECO "D38"]
[WhiteElo "2634"]
[BlackElo "2708"]
[Annotator "TA"]
[PlyCount "116"]
[EventDate "2022.07.29"]
[EventType "team-tourn"]
[EventCountry "IND"]
[SourceTitle "playchess.com"]
[Source "ChessBase"]
[SourceQuality "1"]
[WhiteTeam "Turkey"]
[BlackTeam "Poland"]
[WhiteTeamCountry "TUR"]
[BlackTeamCountry "POL"]
[TimeControl "40/5400+30:1800+30"]

1. d4 Nf6 2. c4 e6 3. Nf3 d5 4. Nc3 Bb4 5. Bg5 h6 6. Bxf6 Qxf6 7. Qa4+ Nc6 8. e3 O-O {[%emt 0:00:09] D38: Queen's Gambit Declined: Ragozin Defence (4 Nf3 Bb4).} 9. Be2 Bd7 10. Qc2 (10. Qb3 $5 ) 10... dxc4 {[%emt 0:02:46] The position is equal.} 11. O-O Na5 12. Ne4 {[%emt 0:00:07][%mdl 1024] White has compensation.} Qe7 13. Ne5 Rfd8 {[%emt 0:06:35] [#]} 14. f4 $146 ({Predecessor:} 14. Bxc4 Nxc4 15. Qxc4 Bd6 16. f4 Rac8 17. Rac1 Be8 18. Qb3 c6 19. Nxd6 Rxd6 20. Qa3 {1-0 (57) Goryachkina,A (2456)-Batsiashvili,N (2475) Chengdu 2015}) 14... f5 15. Ng3 Bd6 16. Nxc4 Nxc4 17. Bxc4 Kh8 18. e4 fxe4 19. Qxe4 Bc6 20. Qg6 Be8 {[%emt 0:07:18] This bishop pair is nice.} 21. Qe4 Bc6 22. Qg6 {[%emt 0:27:28] Strongly threatening Bd3.} Be8 23. Qxe6 Qxe6 24. Bxe6 Be7 (24... Bb5 $11 {should be considered.}) 25. d5 c6 26. Rfd1 cxd5 27. Bxd5 ({Don't play} 27. Rxd5 Bc6 28. Rdd1 Bf6 $15) 27... Rac8 28. Bxb7 Rb8 29. Rxd8 Bxd8 30. Bd5 Rxb2 31. Re1 Bd7 32. Ne4 Ba5 33. Rd1 Bc7 34. h4 Bg4 35. Rf1 g6 36. Bb3 Kg7 37. Nc3 Bd8 38. Nd5 Bxh4 39. Ne3 Bd7 (39... Be2 $15 40. Nc4 Rxb3 41. axb3 Bxf1 42. Kxf1 Bg3) 40. Rd1 Bc6 41. Rd6 Bf2+ 42. Kh2 Bxe3 43. Rxc6 Bxf4+ $17 {[%emt 0:00:06][%mdl 4096] Endgame KRB-KRB} 44. Kh3 h5 {[%emt 0:03:20] And now ...Re2 would win.} 45. g3 Be5 46. Rc2 {[%emt 0:04:20] Prevents Rd2.} Rb1 {[%emt 0:00:58] aiming for ...Rg1.} 47. Re2 Kf6 48. Rf2+ Kg5 49. Re2 Bc7 50. Rc2 Be5 {[%emt 0:00:23] Threatens to win with ...Rg1.} 51. Re2 $1 Kf6 (51... Bb8 $17) 52. Rf2+ $1 $11 Kg7 ({Black should try} 52... Ke7 $11) 53. Re2 $1 $17 Bf6 54. Kg2 g5 55. Rc2 Be5 {[%emt 0:05:47] Prevents Rc7+.} 56. Rc5 Rb2+ 57. Rc2 Rb1 58. Rc5 $1 {[%emt 0:00:05] [#]} Rb2+ {[%emt 0:01:40] Weighted Error Value: White=0.06 (flawless) /Black=0.11 (very precise)} (58... Rg1+ $1 $17 59. Kxg1 Bd4+ 60. Kf1 Bxc5) 1/2-1/2